 Dungeon Crawl Stone Soup version 0.30-a0-802-gb92711bcdf (webtiles) character file.

Game seed: 3150974549906619466

263 sircluck the Covert (level 6, -3/36 HPs)
             Began as a Kobold Brigand on Feb 23, 2023.
             Slain by an orc
             ... wielding a +0 mace
              (4 damage)
             ... on level 3 of the Dungeon.
             The game lasted 00:06:04 (2517 turns).

sircluck the Covert (Kobold Brigand)                Turns: 2517, Time: 00:06:05

Health: -3/36      AC:  3    Str:  8    XL:     6   Next: 43%
Magic:  6/6        EV: 15    Int: 13    God:
Gold:   81         SH:  0    Dex: 18    Spells: 5/5 levels left

rFire   . . .      SeeInvis .    a - +2 dagger
rCold   . . .      Faith    .    (no shield)
rNeg    . . .      Spirit   .    b - +0 robe
rPois   .          Reflect  .    (no helmet)
rElec   .          Harm     .    c - +0 cloak
rCorr   .          Rampage  .    (no gloves)
Will    .....                    (no boots)
Stlth   +++++                    (no amulet)
HPRegen 0.26/turn                (no ring)
MPRegen 0.10/turn                (no ring)

@: invisible
A: small, no large weapons, nightstalker 3
a: no special abilities


You were on level 3 of the Dungeon.
You visited 1 branch of the dungeon, and saw 4 of its levels.

You collected 81 gold pieces.

Inventory:

Hand Weapons
 a - a +2 dagger (weapon)
Missiles
 d - 5 poisoned darts (quivered)
 e - 3 curare-tipped darts
 g - 48 stones
 s - 4 silver boomerangs
Armour
 b - a +0 robe (worn)
 c - a +0 cloak (worn)
Jewellery
 l - a ring of ice
 r - an amulet of magic regeneration
Wands
 n - a wand of flame (31)
Scrolls
 h - a scroll of immolation {unknown}
 j - a scroll of blinking {unknown}
 m - a scroll of acquirement {unknown}
 p - 2 scrolls of identify {unknown}
 q - a scroll of teleportation {unknown}
 u - a scroll of enchant armour {unknown}
Potions
 f - 2 potions of invisibility
 i - a potion of attraction {unknown}
 k - a potion of might {unknown}
 o - a potion of degeneration {unknown}
 t - a potion of haste {unknown}
 v - a potion of lignification {unknown}


   Skills:
 + Level 2.9 Fighting
 + Level 3.5 Short Blades
 + Level 2.6 Throwing
 + Level 2.6 Dodging
 + Level 8.8 Stealth


You had 5 spell levels left.
You didn't know any spells.
Your spell library contained the following spells:

 Spells                   Type           Power      Damage    Failure   Level
 Apportation              Tloc           0%         N/A       30%         1
 Necrotise                Necr           0%         1d4       30%         1
 Sandblast                Erth           0%         2d4       30%         1
 Summon Small Mammal      Summ           0%         N/A       30%         1
 Passwall                 Tmut/Erth      0%         N/A       43%         2
 Stone Arrow              Conj/Erth      0%         3d7       67%         3


Dungeon Overview and Level Annotations

Branches:
Dungeon (4/15)
 Temple: D:4-7

Altars:


Innate Abilities, Weirdness & Mutations

You are small and have problems with some larger weapons.
You are completely attuned to the shadows.


Message History

You hit the orc but do no damage. The kobold barely misses you.
The orc completely misses you.
You hit the orc but do no damage. The kobold hits you with a +0 hand axe.
The orc hits you but does no damage.
You hit the orc but do no damage. The kobold hits you with a +0 hand axe.
The orc hits you with a +0 mace.
You are too injured to fight recklessly!
You are too injured to fight recklessly!
You are too injured to fight recklessly!
You are too injured to fight recklessly!
You are too injured to fight recklessly!
You are too injured to fight recklessly!
You are too injured to fight recklessly!
You are too injured to fight recklessly!
You are too injured to fight recklessly!
You are too injured to fight recklessly!
You are too injured to fight recklessly!
You are too injured to fight recklessly!
You hit the orc but do no damage. The kobold barely misses you.
The orc hits you with a +0 mace.
* * * LOW HITPOINT WARNING * * *
Aiming: Throw Flame
Press: ? - help, Q - select action, (/) - cycle Shift-Dir - straight line, f - orc
Aim: an orc, wielding a +0 mace and wearing a +0 chain mail (77% to hit)
The puff of flame hits the orc but does no damage.
The orc hits you with a +0 mace.
* * * LOW HITPOINT WARNING * * *
The kobold closely misses you.
Aiming: Throw Flame
Press: ? - help, Q - select action, (/) - cycle Shift-Dir - straight line, f/p - orc
Aim: an orc, wielding a +0 mace and wearing a +0 chain mail (77% to hit)
The puff of flame hits the orc.
The orc is heavily wounded.
The kobold hits you with a +0 hand axe.
* * * LOW HITPOINT WARNING * * *
The orc closely misses you.
It was a potion of invisibility.
You fade into invisibility!
The kobold completely misses you. The orc hits you with a +0 mace.
You die...

#.##.#.#
.#####.##.#.#
........##.#.######
..........##.#......#
.......(..##.#.####.#
##.....(..##.######.#
...)...##.##........#
.....K.# .###########
....o@.# .# .......#
.......# ........
......##


You could see an orc (unable to see you) and a kobold (unable to see you).

Vanquished Creatures
  Sigmund (D:2)
  An orc wizard (D:3)
  2 adders
  A worm (D:3)
  2 dart slugs (D:2)
  3 orcs (D:3)
  3 bats
  3 endoplasms
  2 giant cockroaches
  4 goblins (D:2)
  5 hobgoblins
  2 jackals (D:1)
  A quokka (D:1)
  7 ball pythons
  3 frilled lizards
  3 kobolds
  4 rats
47 creatures vanquished.

Vanquished Creatures (others)
  2 fungi (D:2)
  4 plants (D:2)
6 creatures vanquished.

Grand Total: 53 creatures vanquished

Notes
Turn   | Place    | Note
-------+----------+-------------------------------------------
     0 | D:1      | sircluck the Kobold Brigand began the quest for the Orb.
     0 | D:1      | Reached XP level 1. HP: 12/12 MP: 1/1
   142 | D:2      | Noticed Sigmund
   293 | D:1      | Reached XP level 2. HP: 18/18 MP: 2/2
   513 | D:1      | You fall into a shaft and drop 1 floor!
   568 | D:2      | Found a faded altar of an unknown god.
   724 | D:2      | Reached skill level 6 in Stealth
   724 | D:2      | Reached XP level 3. HP: 11/22 MP: 3/3
   997 | D:2      | Killed Sigmund
   998 | D:2      | Reached skill level 8 in Stealth
   998 | D:2      | Reached XP level 4. HP: 27/27 MP: 4/4
   998 | D:2      | Reached XP level 5. HP: 32/32 MP: 5/5
   998 | D:2      | Reached XP level 6. HP: 36/36 MP: 6/6
  1445 | D:1      | You fall into a shaft and drop 1 floor!
  2516 | D:3      | HP: 1/36 [kobold/+0 hand axe (4)]
  2517 | D:3      | Slain by an orc

Illustrated notes

Levels and vault maps discovered:
D:1:      heliophobic_arrival_dark_side_of_the_moon, layout_loops_ring
D:2:      layout_loops_ring, shapermc_ecumenical_altar_ellora,
          minmay_pentomino_u2, uniq_sigmund
D:3:      layout_basic, grunt_temple_overflow_open, serial_shops,
          nicolae_shop_window_shopping
D:4:      layout_rooms, serial_bayou_pond_e, corexii_leaking_fountain

Skill      XL: |  1  2  3 |
---------------+----------+-----
Stealth        | 6 8 |  8.8
Short Blades   | 3 |  3.5
Dodging        | 2 |  2.6
Fighting       | |  2.9
Throwing       | |  2.6

Action                     |  1- 3 |  4- 6 || total
---------------------------+-------+-------++-------
  Melee: Dagger            |    58 |    56 ||   114
         Punch             |     1 |       ||     1
  Throw: Dart              |     1 |    18 ||    19
  Evoke: Wand              |       |     8 ||     8
    Use: Potion            |       |     1 ||     1
   Stab: Sleeping          |    11 |    12 ||    23
         Distracted        |       |     1 ||     1
 Armour: Robe              |    14 |     6 ||    20
  Dodge: Dodged            |    34 |    45 ||    79

Table legend: (Time is in decaauts)
 A = Elapsed time spent in this place.
 B = Non-inter-level travel time spent in this place.
 C = Inter-level travel time spent in this place.
 D = Time resting spent in this place.
 E = Time spent auto-exploring this place.
 F = Levels seen in this place.
 G = Mean time per level.
                   A        B        C        D        E       F      G
               +--------+--------+--------+--------+--------+-----+--------+
         Total |   2501 |   2309 |    192 |      0 |   1547 |   4 |  625.2 |
       Dungeon |   2501 |   2309 |    192 |      0 |   1547 |   4 |  625.2 |
               +--------+--------+--------+--------+--------+-----+--------+

Top non-repeatable levels by time:
     D:2: 1043 daAuts
     D:1: 990 daAuts
     D:3: 466 daAuts
     D:4: 1 daAuts
